 Dungeon Crawl Stone Soup version 0.19.1 (webtiles) character file.

2998 sveltemanboy the Cleaver (level 9, 0/63 HPs)
             Began as a Hill Orc Monk on Dec 7, 2016.
             Was an Elder of Beogh.
             Slain by a killer bee (3 damage)
             ... on level 7 of the Dungeon.
             The game lasted 00:17:52 (8436 turns).

sveltemanboy the Cleaver (Hill Orc Monk)            Turns: 8436, Time: 00:17:53

Health: 0/63       AC: 11    Str: 21    XL:     9   Next: 84%
Magic:  15/15      EV: 11    Int: 10    God:    Beogh [****..]
Gold:   326        SH:  0    Dex: 13    Spells: 0 memorised, 8 levels left

rFire  . . .     SeeInvis .     v - +1 war axe
rCold  . . .     Gourm    .     w - +0 scale mail
rNeg   . . .     Faith    .     (no shield)
rPois  .         Spirit   .     (no helmet)
rElec  +         Reflect  .     j - +0 cloak
rCorr  .         Harm     .     (no gloves)
MR     .....                    p - +0 pair of boots
Stlth  ..........               (no amulet)
                                (no ring)
                                (no ring)

@: lethally poisoned (0 -> -17)
A: slimy green scales 1, frail 1, electricity resistance, strong 2
a: Smiting, Recall Orcish Followers, Renounce Religion


You were on level 7 of the Dungeon.
You worshipped Beogh.
Beogh was greatly pleased with you.
You were not hungry.

You visited 1 branch of the dungeon, and saw 7 of its levels.
You also visited: Sewer.

You collected 326 gold pieces.

Inventory:

Hand Weapons
 g - a cursed +5 battleaxe
 v - a +1 war axe (weapon)
Missiles
 r - 11 tomahawks (quivered)
Armour
 j - a +0 cloak (worn)
 p - a +0 pair of boots (worn)
 w - a +0 scale mail (worn)
Wands
 a - a wand of iceblast (15/15)
 e - a wand of flame (13/48)
 h - a wand of confusion (30/48)
Scrolls
 b - 4 scrolls of remove curse
 d - 2 scrolls of identify
 i - a scroll of blinking
 k - 3 scrolls of enchant weapon
 n - 3 scrolls of magic mapping {unknown}
Potions
 l - a potion of haste
 m - a potion of cure mutation
 q - a potion of flight
Comestibles
 c - 4 bread rations
 f - a meat ration


   Skills:
 - Level 3.6 Fighting
 * Level 13.9 Axes
 - Level 4.0 Armour
 - Level 2.4 Dodging
 - Level 1.5 Stealth
 + Level 8.7 Invocations


You had 8 spell levels left.
You didn't know any spells.

Dungeon Overview and Level Annotations

Branches:
Dungeon (7/15)             Temple (0/1) D:4

Altars:
Ashenzari
Elyvilon
Fedhas
Hepliaklqana
Nemelex Xobeh
Qazlal
The Shining One


Innate Abilities, Weirdness & Mutations

You are partially covered in slimy green scales. (AC +2)
You are frail. (-10% HP)
You are resistant to electric shocks. (rElec)
Your muscles are very strong. (Str +4)


Message History

The killer bee is moderately wounded.
* * * LOW HITPOINT WARNING * * *
You feel sick.
The killer bee stings you but does no damage.
Your orc hits the killer bee with a hand axe.
The killer bee barely misses you.
You barely miss the killer bee.
The killer bee is heavily wounded.
* * * LOW HITPOINT WARNING * * *
You feel sick. The killer bee stings you!
* * * LOW HITPOINT WARNING * * *
You are more poisoned.
The killer bee poisons you!
Your orc hits the killer bee but does no damage.
The killer bee closely misses you.
You miss the killer bee.
The killer bee is heavily wounded.
* * * LOW HITPOINT WARNING * * *
You feel sick. The killer bee stings you.
You die...

......# ........#
.......# #########
......########........
#...#.................
#...#............)....
#'##...#.....)...........
.......#o###.)...........
..5...5y@# #............[
.......### #.............
####### #......†.#####
#........# # #........# #
#........## ######....#
####.# #.#


You could see a killer bee, a crimson imp, a shadow imp and a friendly orc.

Vanquished Creatures
  The ghost of Philosophy the Shield-Bearer, a novice FoFi of Okawaru (D:5)
  Sigmund (D:2)
  5 yaks (D:6)
  Menkaure (D:7)
  Edmund (D:6)
  Duvessa (D:6)
  Purgy (Sewer)
  An ice beast (D:5)
  An ogre (D:4)
  Dowan (D:6)
  2 scorpions
  A water moccasin skeleton (D:6)
  3 killer bees (D:7)
  3 wights (D:6)
  2 crimson imps (D:5)
  A quasit (D:6)
  A jelly (D:5)
  3 orc priests
  3 orc wizards
  Crazy Yiuf (D:2)
  2 bullfrog skeletons (D:5)
  Terence (D:3)
  An iguana (D:4)
  2 worker ants (D:6)
  14 adders
  3 gnolls (D:3)
  2 shadow imps
  An ooze (D:4)
  5 worms
  2 dart slugs
  10 leopard geckos
  11 orcs
  4 ball pythons
  8 bats
  11 giant cockroaches
  4 goblins
  7 hobgoblins
  2 jackals (Sewer)
  5 quokkas
  8 frilled lizards
  A jackal skeleton (D:7)
  9 kobolds
  A quokka skeleton (D:4)
  11 rats
159 creatures vanquished.

Vanquished Creatures (collateral kills)
  An orc (D:7)
1 creature vanquished.

Vanquished Creatures (others)
  An orc wizard (D:3)
  5 orcs
6 creatures vanquished.

Grand Total: 166 creatures vanquished

Notes
Turn   | Place    | Note
-------+----------+-------------------------------------------
     0 | D:1      | sveltemanboy the Hill Orc Monk began the quest for the Orb.
     0 | D:1      | Reached XP level 1. HP: 19/19 MP: 1/1
   166 | D:1      | Reached XP level 2. HP: 22/26 MP: 2/2
   356 | D:1      | Reached skill level 1 in Armour
   638 | D:1      | Reached skill level 5 in Axes
   815 | D:1      | Reached XP level 3. HP: 31/31 MP: 3/3
  1767 | D:2      | Noticed Sigmund
  2007 | D:2      | Reached XP level 4. HP: 35/39 MP: 4/4
  2426 | D:2      | Found a runed door.
  2430 | D:2      | Noticed Crazy Yiuf
  2449 | D:2      | Killed Crazy Yiuf
  2449 | D:2      | Reached skill level 6 in Axes
  2546 | D:2      | Found a blossoming altar of Fedhas.
  2546 | D:2      | Found a white marble altar of Elyvilon.
  2547 | D:2      | Found a stormy altar of Qazlal.
  2760 | D:2      | Killed Sigmund
  2760 | D:2      | Reached skill level 7 in Axes
  2760 | D:2      | Reached XP level 5. HP: 4/45 MP: 5/5
  2760 | D:2      | Reached XP level 6. HP: 5/51 MP: 6/6
  3166 | D:3      | Noticed Terence
  3194 | D:3      | Killed Terence
  3949 | D:3      | Became a worshipper of Beogh the Brigand
  3949 | D:3      | Reached * piety under Beogh
  3949 | D:3      | Reached ** piety under Beogh
  3966 | D:3      | Reached skill level 1 in Invocations
  3992 | D:3      | Found a sparkling altar of Nemelex Xobeh.
  4031 | D:3      | Reached skill level 8 in Axes
  4297 | D:4      | Found a staircase to the Ecumenical Temple.
  4359 | D:4      | Reached XP level 7. HP: 15/57 MP: 8/8
  4640 | D:4      | Found a glowing drain.
  4648 | Sewer    | Entered a sewer
  4704 | Sewer    | Noticed Purgy
  4719 | Sewer    | Killed Purgy
  4719 | Sewer    | Reached skill level 9 in Axes
  5389 | D:5      | Entered Level 5 of the Dungeon
  5430 | D:5      | Reached *** piety under Beogh
  5516 | D:5      | Reached XP level 8. HP: 27/64 MP: 11/11
  5521 | D:5      | Reached skill level 10 in Axes
  5748 | D:5      | Found a glowing golden altar of the Shining One.
  5763 | D:5      | Noticed Philosophy's ghost (novice FoFi)
  5784 | D:5      | Killed Philosophy's ghost
  5784 | D:5      | Reached skill level 5 in Invocations
  5947 | D:5      | Reached skill level 11 in Axes
  6351 | D:6      | Noticed Edmund
  6352 | D:6      | Noticed a yak
  6352 | D:6      | Noticed a yak
  6353 | D:6      | Noticed a yak
  6354 | D:6      | Noticed a yak
  6356 | D:6      | Noticed a yak
  6391 | D:6      | Killed a yak
  6415 | D:6      | Killed a yak
  6415 | D:6      | Reached skill level 12 in Axes
  6415 | D:6      | Reached XP level 9. HP: 32/70 MP: 12/14
  6450 | D:6      | Killed Edmund
  6450 | D:6      | Reached skill level 13 in Axes
  6764 | D:6      | Gained mutation: Your muscles are strong. (Str +2) [potion of mutation]
  6764 | D:6      | Gained mutation: You are frail. (-10% HP) [potion of mutation]
  6765 | D:6      | Gained mutation: You are partially covered in slimy green scales. (AC +2) [potion of beneficial mutation]
  6766 | D:6      | Gained mutation: You are resistant to electric shocks. (rElec) [potion of beneficial mutation]
  6767 | D:6      | Gained mutation: Your muscles are very strong. (Str +4) [potion of beneficial mutation]
  6895 | D:6      | Noticed Dowan
  6898 | D:6      | Noticed Duvessa
  6918 | D:6      | Killed Duvessa
  6935 | D:6      | Killed Dowan
  7361 | D:6      | Found a shattered altar of Ashenzari.
  7368 | D:6      | Reached **** piety under Beogh
  7477 | D:6      | Found a hazy altar of Hepliaklqana.
  7606 | D:7      | Noticed Menkaure
  7619 | D:7      | HP: 3/63 [Menkaure (12)]
  8047 | D:7      | Killed Menkaure
  8436 | D:7      | HP: 3/63 [poisoned by a killer bee]
  8436 | D:7      | Slain by a killer bee

Skill      XL: |  1  2  3  4  5  6  7  8  9 |
---------------+----------------------------+-----
Armour         | 1 2 3 4 |  4.0
Axes           | 5 7 8 9 12 13 | 13.9
Invocations    | 2 4 6 8 |  8.7
Fighting       | |  3.6
Dodging        | |  2.4
Stealth        | |  1.5

Action                   |  1- 3 |  4- 6 |  7- 9 || total
-------------------------+-------+-------+-------++-------
Melee: Hand axe          |   136 |   211 |   133 ||   480
       War axe           |       |       |   239 ||   239
Throw: Tomahawk          |       |     5 |     6 ||    11
Invok: Convert to Beogh  |       |     1 |       ||     1
Evoke: Wand              |       |       |     3 ||     3
  Use: Scroll            |     3 |       |    13 ||    16
       Potion            |       |     6 |    13 ||    19
 Stab: Sleeping          |     2 |       |       ||     2
       Invisible         |       |     2 |       ||     2
  Eat: Chunk             |     4 |     7 |    10 ||    21
       Fruit             |       |       |     1 ||     1
       Meat ration       |       |       |     1 ||     1
Armor: Robe              |    11 |       |       ||    11
       Ring mail         |    36 |    46 |    24 ||   106
       Scale mail        |       |       |   103 ||   103
       Skin              |       |       |    16 ||    16
Dodge: Dodged            |    91 |   106 |   148 ||   345
